cohdb
Replays
Latest Replays
All Replays
Popular Replays
Top Player Replays
Match Explorer
How It Works
Community
CoH3 Stats
Reddit
Sign in to upload your games and track your stats! →
Sign in with Steam
Match 44782140
Unlisted
Match 44782140
Overview
Messages
Build Orders
End
Panzergrenadier Squad
250 Light Carrier
Panzergrenadier Squad
Construct Light Support Kompanie
2.5-tonne Medical Truck
Fire Support Elements
Panzerjäger Squad
Panzerjäger Squad
Selects Armored Support Battlegroup
Selects Salvage Kits
Selects Veteran Gunners
Construct Panzerarmee Kommand
Armored Reserves
Flak 36 Anti-tank Gun Team
Selects Flammpanzer III Medium Tank
Flammpanzer III Medium Tank
You've chinged your last chong
sadeghi.dms
constipated hippo
qianshang111
DannyBlaze
That Guy
jinitaimei
hhggjkm8
0
0
Comments
sign in to comment!
No comments posted yet!